Map: Deathaura LE

Players

Dark

  • Race: Zerg Zerg
  • Spawn Location: 5:00

Reynor - Winner!

  • Race: Zerg Zerg
  • Spawn Location: 11:00

Event: TSL 6

VOD

Have the link to the VOD?

Description

Time

  • Played on: Dec. 19, 2020, 12:58 p.m.
  • Length: 11:22

All games in this series

Show
View Real Time Build Order
Export as new Build Order

Dark Zerg 

Build Orders: Hatch First 

Get SALT Encoding   

  12  0:00  Drone  
  13  0:12  Overlord  
  13  0:17  Drone  
  14  0:31  Drone x2  
  16  0:48  Hatchery  
  15  0:51  Drone  
  15  0:55  Drone  
  17  0:59  Drone  
  18  1:10  Extractor  
  17  1:13  Spawning Pool  
  17  1:15  Drone  
  17  1:19  Drone  
  18  1:27  Drone  
  19  1:38  Drone  
  20  1:50  Drone  
  21  2:00  Queen x2  
  21  2:01  Drone x2  
  27  2:11  Overlord  
  27  2:12  Drone  
  28  2:28  Metabolic Boost  
  28  2:29  Drone x2  
  30  2:34  Zergling x2, Hatchery  
  30  2:36  Zergling x2  
  31  2:43  Queen  
  33  2:50  Baneling Nest  
  32  2:55  Overlord  
  32  2:56  Drone  
  32  2:58  Drone  
  34  3:01  Drone  
  34  3:04  Drone  
  36  3:15  Drone x4  
  36  3:17  Overlord  
  40  3:25  Zergling x4  
  42  3:29  Drone x2  
  44  3:35  Lair  
  44  3:36  Drone  
  44  3:37  Drone  
  44  3:41  Drone x3  
  48  3:48  Extractor, Drone x3  
  52  3:52  Drone  
  52  3:53  Drone x2  
  54  4:01  Evolution Chamber  
  54  4:02  Roach Warren  
  52  4:04  Drone  
  52  4:05  Drone x2  
  55  4:11  Drone x3  
  55  4:13  Overlord  
  58  4:17  Extractor, Overlord  
  58  4:18  Extractor  
  58  4:19  Drone  
  58  4:22  Drone  
  58  4:28  Zerg Missile Weapons Level 1  
  58  4:33  Drone  
  58  4:36  Overseer  
  60  4:38  Drone x3  
  60  4:40  Drone x3  
  60  4:43  Roach x2  
  60  4:45  Glial Reconstitution  
  69  4:48  Overlord  
  69  4:49  Overlord  
  69  4:52  Drone  
  70  5:01  Drone  
  70  5:03  Drone x2  
  70  5:06  Drone  
  73  5:07  Overlord  
  73  5:08  Drone x5  
  73  5:09  Extractor x2  
  76  5:15  Baneling  
  76  5:19  Spire  
  76  5:20  Drone  
  76  5:24  Drone x4  
  76  5:27  Drone x2  
  82  5:34  Roach x4  
  90  5:44  Overlord x3  
  90  5:46  Queen x2, Drone  
  90  5:48  Queen  
  99  6:04  Roach x4  
  99  6:05  Roach  
  99  6:07  Spore Crawler  
  106  6:13  Spore Crawler, Drone  
  106  6:15  Spore Crawler  
  106  6:16  Overlord  
  105  6:29  Zerg Missile Weapons Level 2  
  105  6:30  Corruptor, Drone  
  105  6:31  Corruptor x6  
  120  6:37  Corruptor  
  120  6:39  Overlord x2  
  122  6:49  Spore Crawler  
  122  6:50  Overlord  
  121  6:54  Spore Crawler  
  121  6:56  Overlord x5  
  121  6:59  Zerg Flyer Armor Level 1  
  120  7:05  Corruptor x2  
  124  7:09  Corruptor  
  126  7:15  Corruptor  
  126  7:16  Corruptor  
  126  7:20  Corruptor  
  132  7:25  Corruptor x2  
  132  7:29  Corruptor  
  138  7:37  Corruptor  
  137  7:40  Corruptor  
  137  7:42  Overlord x3  
  137  7:43  Drone x2  
  143  7:49  Spore Crawler  
  138  7:56  Corruptor x2  
  138  8:02  Corruptor  
  138  8:03  Hatchery  
  139  8:07  Corruptor  
  141  8:16  Corruptor x2  
  145  8:25  Hatchery  
  136  8:30  Corruptor x2  
  136  8:32  Drone  
  136  8:33  Drone x5  
  145  8:41  Roach x4  
  151  8:47  Corruptor  
  153  9:04  Roach x6  
  153  9:05  Roach x4  
  153  9:06  Roach x2  
  153  9:08  Roach  
  153  9:09  Roach  
  179  9:12  Roach  
  179  9:18  Roach  
  169  9:27  Corruptor x3  
  171  9:33  Roach x2  
  171  9:38  Roach x5  
  171  9:40  Roach  
  171  9:42  Roach  
  171  9:44  Roach  
  165  9:54  Roach x3  
  165  9:57  Roach x3  
  165  9:59  Roach  
  163  10:01  Roach  
  153  10:08  Roach x2  
  153  10:11  Roach  
  145  10:25  Corruptor  
  145  10:26  Corruptor  
  130  10:38  Corruptor x2  
Show
View Real Time Build Order
Export as new Build Order

Reynor Zerg - Winner!

Build Orders: Hatch First 

Get SALT Encoding   

  12  0:00  Drone  
  13  0:12  Overlord  
  13  0:17  Drone  
  14  0:31  Drone x2  
  16  0:48  Hatchery  
  15  0:51  Drone  
  15  0:54  Drone  
  17  0:58  Drone  
  18  1:08  Extractor  
  17  1:14  Spawning Pool  
  17  1:16  Drone  
  17  1:19  Drone  
  18  1:28  Drone  
  19  1:39  Drone  
  20  1:49  Drone  
  21  2:00  Overlord, Queen  
  23  2:01  Zergling x2  
  23  2:02  Queen  
  26  2:08  Metabolic Boost  
  26  2:11  Drone x2  
  28  2:21  Drone  
  28  2:22  Drone  
  30  2:33  Hatchery  
  30  2:35  Drone  
  30  2:38  Drone  
  30  2:43  Drone  
  32  2:46  Overlord  
  32  2:54  Drone  
  32  2:57  Baneling Nest  
  32  3:03  Drone  
  32  3:04  Drone  
  34  3:06  Zergling x2  
  34  3:09  Drone  
  34  3:11  Overlord  
  36  3:14  Zergling x4  
  36  3:16  Drone x2  
  40  3:20  Zergling x2  
  40  3:21  Drone, Evolution Chamber  
  41  3:28  Drone  
  41  3:30  Lair  
  41  3:34  Queen  
  42  3:37  Drone  
  45  3:42  Drone x2  
  45  3:43  Extractor  
  45  3:44  Overlord  
  46  3:48  Drone x2  
  46  3:50  Drone  
  48  3:59  Drone x4  
  48  4:00  Drone x2  
  54  4:04  Zerg Melee Weapons Level 1  
  54  4:05  Drone  
  54  4:08  Drone  
  56  4:10  Drone  
  56  4:12  Extractor  
  56  4:14  Extractor  
  56  4:15  Overlord  
  55  4:18  Drone x2  
  55  4:22  Drone x2  
  59  4:24  Drone x2  
  59  4:27  Drone  
  59  4:29  Drone x2  
  59  4:31  Drone  
  65  4:39  Spire  
  65  4:40  Drone  
  65  4:44  Drone x2  
  67  4:46  Drone x2  
  67  4:48  Extractor x2  
  67  4:51  Overlord  
  67  4:52  Drone x2  
  69  4:53  Drone  
  69  4:54  Drone  
  69  4:57  Drone x2  
  69  4:59  Zergling x2  
  74  5:08  Overlord x2  
  74  5:11  Zergling x10  
  79  5:16  Zergling x2  
  80  5:21  Zergling x4  
  80  5:25  Overlord x2  
  82  5:33  Drone x2  
  82  5:34  Spine Crawler  
  82  5:36  Spine Crawler  
  81  5:44  Spine Crawler  
  80  5:50  Drone x2  
  80  5:51  Drone  
  80  5:52  Mutalisk x8  
  80  5:56  Mutalisk  
  104  6:00  Overlord  
  104  6:03  Hatchery  
  103  6:05  Zerg Flyer Weapons Level 1  
  103  6:07  Mutalisk  
  105  6:13  Drone  
  105  6:16  Mutalisk  
  108  6:19  Overlord  
  108  6:22  Mutalisk  
  110  6:29  Mutalisk  
  110  6:32  Drone x10  
  120  6:33  Drone  
  120  6:35  Overlord  
  120  6:37  Overlord  
  121  6:40  Overlord  
  121  6:41  Mutalisk x3  
  127  6:49  Mutalisk  
  127  6:51  Extractor, Overlord  
  127  6:53  Drone  
  129  6:55  Extractor  
  129  6:58  Mutalisk  
  129  6:59  Mutalisk  
  132  7:02  Mutalisk  
  132  7:07  Mutalisk  
  136  7:10  Drone x3  
  136  7:11  Overlord  
  136  7:12  Mutalisk  
  141  7:18  Queen, Drone x3  
  141  7:21  Mutalisk  
  148  7:23  Mutalisk  
  148  7:25  Overlord  
  148  7:28  Drone x2  
  148  7:29  Mutalisk  
  151  7:31  Zergling x8  
  151  7:33  Mutalisk  
  151  7:37  Overlord x2, Hatchery  
  159  7:38  Mutalisk  
  159  7:40  Drone x3  
  159  7:43  Mutalisk  
  161  7:51  Mutalisk x2  
  161  7:55  Mutalisk  
  161  7:58  Zergling x8  
  167  8:02  Mutalisk  
  167  8:04  Overlord  
  169  8:07  Mutalisk  
  169  8:09  Zergling x2  
  169  8:10  Zergling x2  
  173  8:13  Zerg Flyer Weapons Level 2  
  173  8:17  Overlord  
  171  8:21  Mutalisk  
  171  8:24  Zergling x16  
  171  8:25  Zergling x4  
  177  8:29  Unknown  
  177  8:30  Unknown  
  177  8:32  Mutalisk x3  
  177  8:33  Spore Crawler  
  176  8:35  Zergling x6  
  178  8:41  Mutalisk x2  
  178  8:46  Mutalisk  
  184  8:51  Queen  
  184  8:56  Mutalisk x2  
  184  8:58  Zergling x18  
  184  9:01  Overlord, Mutalisk x2  
  195  9:04  Zergling x2  
  195  9:08  Mutalisk x2  
  194  9:13  Mutalisk x2  
  196  9:21  Mutalisk x2  
  186  9:27  Mutalisk x2  
  186  9:31  Zergling x16  
  184  9:35  Mutalisk x2  
  185  9:41  Mutalisk x3  
  185  9:45  Zergling x16  
  191  9:54  Mutalisk x4  
  184  10:00  Zergling x8  
  184  10:01  Mutalisk  
  184  10:06  Mutalisk x3  
  177  10:12  Zergling x16  
  175  10:16  Mutalisk  
  175  10:17  Mutalisk x2  
  175  10:18  Zergling x2  
  175  10:21  Mutalisk  
  168  10:26  Mutalisk x2  
  163  10:33  Queen  
  157  10:37  Mutalisk x2  
  157  10:39  Zergling x16  
  154  10:45  Mutalisk x2  
  154  10:46  Zergling x2  
  141  10:58  Drone x6  
Tags
 
Add a new tag
Caveats
  • Supply blocks, unpowered buildings, or Contaminate may cause inaccurate times.
  • Supply counts are checked every 10 seconds.